 Dungeon Crawl Stone Soup version 0.27-a0-1200-g94dc6ad4cf (webtiles) character file.

Game seed: 8142575211162651279

2429 Feb132020 the Covert (level 9, -11/55 HPs)
             Began as an Octopode Conjurer on May 30, 2021.
             Was a Priest of Sif Muna.
             Mangled by an orc warrior
             ... wielding a +0 mace
              (21 damage)
             ... on level 7 of the Dungeon.
             The game lasted 00:44:21 (11530 turns).

Feb132020 the Covert (Octopode Conjurer)           Turns: 11530, Time: 00:44:21

Health: -11/55     AC:  1    Str:  6    XL:     9   Next: 48%
Magic:  10/15      EV: 14    Int: 21    God:    Sif Muna [***...]
Gold:   210        SH:  0    Dex: 13    Spells: 9/16 levels left

rFire    . . .     SeeInvis .   a - +1 dagger (elec)
rCold    . . .     Faith    +   (no shield)
rNeg     . . .     Spirit   .   (helmet restricted)
rPois    .         Reflect  .   q - amulet of faith
rElec    .         Harm     .   (no ring)
rCorr    .         Rampage  .   (no ring)
Will     .....                  (no ring)
Stlth    +++++.....             (no ring)
HPRegen  0.18/turn              (no ring)
MPRegen  0.14/turn              (no ring)
                                (no ring)
                                (no ring)

@: no status effects
A: almost no armour, amphibious, 8 rings, camouflage 1, gelatinous body 1,
(nimble swimmer 1), tentacles
a: Renounce Religion, Channel Magic, Forget Spell


You were on level 7 of the Dungeon.
You worshipped Sif Muna.
Sif Muna was most pleased with you.
You visited 1 branch of the dungeon, and saw 8 of its levels.

You collected 305 gold pieces.
You spent 95 gold pieces at shops.

Inventory:

Hand Weapons
 a - a +1 dagger of electrocution (weapon)
 b - the +3 whip of Governance {drain, rC+ Dex+5}
   (You found it on level 4 of the Dungeon)

   A truly terrible weapon, it drains the life of those it strikes.
   It affects your dexterity (+5).
   It protects you from cold.
 e - a +0 dagger of holy wrath
 j - a +2 mace of venom
 w - a +1 dagger of electrocution
Missiles
 t - 3 throwing nets
Jewellery
 q - an amulet of faith (around mantle)
 s - an amulet of the acrobat
 y - an amulet of guardian spirit
Wands
 h - a wand of acid (7)
 l - a wand of digging (1)
 z - a wand of charming (10)
 B - a wand of paralysis (15)
Scrolls
 d - a scroll of teleportation
 f - a scroll of identify
 r - a scroll of magic mapping
 x - a scroll of amnesia
Potions
 g - a potion of flight
 i - 2 potions of haste
 k - 3 potions of curing
 n - a potion of berserk rage
 o - a potion of invisibility
 u - 2 potions of brilliance
 v - a potion of heal wounds
 C - a potion of lignification


   Skills:
 + Level 2.9 Fighting
 + Level 3.4 Short Blades
 + Level 2.5 Maces & Flails
 + Level 4.1 Dodging
 + Level 8.3 Stealth
 + Level 4.2 Spellcasting
 + Level 6.5 Conjurations
 * Level 4.8 Hexes
 * Level 2.7 Fire Magic


You had 9 spell levels left.
You knew the following spells:

 Your Spells              Type           Power      Damage    Failure   Level
a - Magic Dart            Conj           100%       1d8       1%          1
b - Searing Ray           Conj           62%        3d5       1%          2
c - Dazzling Flash        Conj/Hex       56%        N/A       3%          3
f - Foxfire               Conj/Fire      92%        2x1d8     1%          1

Your spell library contained the following spells:

 Spells                   Type           Power      Damage    Failure   Level
 Corona                   Hex            26%        N/A       1%          1
 Confusing Touch          Hex            24%        N/A       4%          3
 Tukima's Dance           Hex            24%        N/A       4%          3
 Conjure Flame            Conj/Fire      23%        6-21      5%          3
 Ensorcelled Hibernation  Hex/Ice        28%        N/A       7%          2
 Inner Flame              Hex/Fire       20%        N/A       8%          3
 Fulminant Prism          Conj/Hex       14%        3d9       12%         4
 Sticky Flame             Conj/Fire      23%        2d4       17%         4
 Iskenderun's Mystic Bla  Conj/Tloc      18%        2d6       30%         4
 Fireball                 Conj/Fire      11%        3d7       43%         5


Dungeon Overview and Level Annotations

Branches:
Dungeon (8/15)             Temple (0/1) D:7
   Lair: D:8-11

Altars:
Gozag
Kikubaaqudgha
Okawaru
Sif Muna
Yredelemnul
Beogh

Shops:
D:4 ?

Annotations:
D:3 Robin, Sigmund
D:4 pantherbaby0's ghost, amateur DjFE
D:5 2 runed translucent doors, Crazy Yiuf; Duvessa; Menkaure
D:7 Joseph; Maggie
D:8 exclusion: wyvern


Innate Abilities, Weirdness & Mutations

You cannot wear most types of armour.
You are amphibious.
You can wear up to eight rings at the same time.
Your skin changes colour to match your surroundings (Stealth+).
Your rubbery body absorbs attacks. (AC +1, EV +1)
((You are camouflaged near water. (Stealth+)))
You have tentacles for arms and can constrict up to eight enemies at once.


Message History

The searing ray hits the orc warrior.
The orc warrior is lightly wounded.
The orc warrior shouts! (Press . to maintain the ray.)
An orc wizard comes into view. It is wielding a +0 dagger.
The searing ray hits the orc warrior.
The orc warrior is moderately wounded.
The searing ray hits the orc warrior but does no damage.
The orc warrior is moderately wounded.
The searing ray hits the orc warrior but does no damage.
The orc warrior is moderately wounded.
You finish channeling your searing ray.
The orc warrior hits you with a +0 mace!
The orc wizard casts a spell at itself.
The orc wizard flickers and vanishes!
Deactivating autopickup; reactivate with Ctrl-A.
There is a stone staircase leading up here.
The orc warrior hits you with a +0 mace!
You climb upwards.
Level annotation: Joseph; Maggie Reactivating autopickup.
There is a stone staircase leading down here.
Unknown command.
Unknown command.
Unknown command.
Unknown command.
Casting: Searing Ray (safe; 1% risk of failure)
Confirm with . or Enter, or press ? or * to list all spells.
Aiming: Searing Ray (safe; 1% risk of failure)
Press: ? - help, Shift-Dir - straight line, f - orc warrior
Aim: an orc warrior, wielding a +0 mace and wearing a +0 plate armour (moderately wounded, 79% to hit)
The searing ray hits the orc warrior but does no damage.
The orc warrior is moderately wounded. (Press . to maintain the ray.)
The orc warrior hits you with a +0 mace!!
* * * LOW HITPOINT WARNING * * *
The searing ray hits the orc warrior.
The orc warrior is moderately wounded.
The orc warrior hits you with a +0 mace!!
You die...

#..##'####.###...##....#...
#..##..###.########....#...
#...#........#.........+...
#...#........#...##....#...
#..##...##..##...#######...
#..#######..##....# #...
#......)....#.....# #...
#.........o.#.....# #...
#.........@.'.....# #...
#...........#.....# #...
#..####.###..#...## #...
##'####.########## #...
#.....#....# #...
#.....'....# #...
#######....# #... #....#
#... #...## #...


You could see an orc warrior.

Vanquished Creatures
  A water moccasin (D:6)
  2 black bears (D:4)
  2 sky beasts (D:7)
  A necrophage (D:6)
  3 ogres
  A centaur (D:5)
  Blork the orc (D:6)
  2 bullfrogs
  3 scorpions
  2 water moccasin zombies
  Dowan (D:5)
  7 killer bees
  A centaur zombie (D:6)
  A centaur skeleton (D:6)
  3 orc priests
  2 hounds (D:7)
  A jelly (D:5)
  A gnoll shaman (D:7)
  An iguana (D:7)
  Ijyb (D:3)
  An orc wizard (D:7)
  A hound skeleton (D:5)
  2 howler monkey zombies
  10 gnolls
  A howler monkey skeleton (D:6)
  7 adders
  A shadow imp (D:7)
  2 ufetubi (D:7)
  A worm (D:2)
  5 dart slugs
  18 orcs
  6 ball pythons
  6 endoplasms (D:1)
  A giant cockroach (D:1)
  21 goblins
  8 hobgoblins
  3 jackals (D:5)
  4 quokkas
  7 bats
  3 frilled lizards (D:1)
  A jackal skeleton (D:5)
  9 kobolds
  4 rats
159 creatures vanquished.

Notes
Turn   | Place    | Note
-------+----------+-------------------------------------------
     0 | D:1      | Feb132020 the Octopode Conjurer began the quest for the
                  | Orb.
     0 | D:1      | Reached XP level 1. HP: 11/11 MP: 3/3
   214 | D:1      | Reached XP level 2. HP: 17/17 MP: 1/5
   217 | D:1      | Learned a level 2 spell: Searing Ray
   540 | D:1      | Reached XP level 3. HP: 20/21 MP: 1/6
   680 | D:1      | Reached skill level 3 in Stealth
  1441 | D:2      | Found a basalt altar of Yredelemnul.
  1827 | D:2      | Reached skill level 1 in Short Blades
  1898 | D:2      | Reached XP level 4. HP: 27/27 MP: 1/7
  1902 | D:2      | Learned a level 3 spell: Dazzling Flash
  2031 | D:2      | Found a faded altar of an unknown god.
  2034 | D:2      | Became a worshipper of Sif Muna the Loreminder
  2034 | D:2      | Reached * piety under Sif Muna
  2055 | D:2      | Reached skill level 4 in Stealth
  2535 | D:3      | Noticed Robin
  2832 | D:3      | Noticed Sigmund
  3147 | D:3      | Reached XP level 5. HP: 31/31 MP: 2/8
  3252 | D:3      | Reached skill level 1 in Hexes
  3252 | D:3      | Noticed Ijyb
  3663 | D:3      | Killed Ijyb
  4037 | D:4      | Found Wudghoux's Magic Scroll Shoppe.
  4066 | D:4      | Reached skill level 5 in Stealth
  4143 | D:4      | Bought a scroll of magic mapping for 35 gold pieces
  4143 | D:4      | Bought a scroll of identify for 20 gold pieces
  4143 | D:4      | Bought a scroll of identify for 20 gold pieces
  4143 | D:4      | Bought a scroll of identify for 20 gold pieces
  4235 | D:4      | Found a runed translucent gate.
  4235 | D:4      | Found a runed translucent gate.
  4238 | D:4      | Found a runed translucent gate.
  4239 | D:4      | Noticed pantherbaby0's ghost (amateur DjFE)
  4241 | D:4      | Identified the +1 ring mail of the Moon {*Corrode rElec rC+
                  | SInv}
  4261 | D:4      | Reached ** piety under Sif Muna
  4283 | D:4      | Reached XP level 6. HP: 24/37 MP: 2/9
  4454 | D:4      | Noticed a black bear
  4456 | D:4      | Noticed a black bear
  4464 | D:4      | Killed a black bear
  4551 | D:4      | Killed a black bear
  4552 | D:4      | Reached skill level 1 in Fighting
  4552 | D:4      | Reached skill level 1 in Maces & Flails
  4552 | D:4      | Reached skill level 6 in Stealth
  4552 | D:4      | Reached XP level 7. HP: 43/43 MP: 0/10
  4860 | D:4      | Identified the +3 whip of Governance {drain, rC+ Dex+5}
  5024 | D:5      | Entered Level 5 of the Dungeon
  5032 | D:5      | Reached skill level 5 in Conjurations
  5663 | D:5      | Noticed a human
  5664 | D:5      | Found a runed translucent door.
  5684 | D:5      | Found a basalt altar of Yredelemnul.
  5718 | D:5      | Found a runed translucent door.
  5719 | D:5      | Noticed Crazy Yiuf
  5769 | D:5      | Noticed Menkaure
  5996 | D:5      | Noticed Dowan
  5998 | D:5      | Noticed Duvessa
  6286 | D:5      | Reached XP level 8. HP: 49/49 MP: 6/12
  6338 | D:5      | Reached skill level 7 in Stealth
  6522 | D:5      | Killed Dowan
  7444 | D:6      | Learned a level 1 spell: Foxfire
  7466 | D:6      | Found an iron altar of Okawaru.
  7791 | D:6      | Reached skill level 1 in Fire Magic
  7851 | D:6      | Noticed Blork the orc
  7861 | D:6      | Killed Blork the orc
  8132 | D:6      | Reached *** piety under Sif Muna
  8294 | D:6      | Found an ancient bone altar of Kikubaaqudgha.
  8871 | D:7      | Reached XP level 9. HP: 55/55 MP: 9/14
  9074 | D:7      | Noticed Joseph
  9217 | D:7      | Reached skill level 8 in Stealth
  9421 | D:7      | Noticed Maggie
  9474 | D:7      | Found an opulent altar of Gozag.
  9523 | D:7      | Found a staircase to the Ecumenical Temple.
 10370 | D:7      | HP: 2/55 [poisoned by a killer bee]
 11530 | D:7      | Mangled by an orc warrior

Illustrated notes

Levels and vault maps discovered:
D:1:      lemuel_arrival_funnel, layout_basic
D:2:      minmay_recursive_quarters, layout_basic, basic_altar,
          shapermc_ecumenical_altar_mp_ritualfount, minmay_cut_off
D:3:      layout_loops_ring, grunt_ministairs_13, uniq_sigmund, uniq_robin,
          uniq_ijyb
D:4:      layout_loops_ring, biasface_ghost_orc_armoury, serial_shops,
          shop_scrolls
D:5:      layout_basic, dk_yredelemnul_ordeal, uniq_menkaure, uniq_duvessa,
          uniq_crazy_yiuf_cottage
D:6:      layout_layer_cave, lemuel_round_altar, lemuel_crystal_altar,
          kennysheep_generic_room_4, uniq_blork_the_orc
D:7:      layout_gridville, nicolae_gozag_seed_capital,
          minmay_temple_entry_proselytizer, minmay_misc_feat_roman, uniq_joseph,
          uniq_maggie
D:8:      cheibrodos_statue_roulette, layout_basic,
          nzn_overflow_gifts_of_might_and_magic

Skill      XL: |  1  2  3  4  5  6  7  8  9 |
---------------+----------------------------+-----
Stealth        | 3 4 5 6 7 8 |  8.3
Short Blades   | 1 2 3 |  3.4
Hexes          | 1 2 3 4 |  4.8
Fighting       | 1 2 |  2.9
Maces & Flails | 1 2 |  2.5
Conjurations   | 5 6 |  6.5
Dodging        | 3 4 |  4.1
Spellcasting   | 3 4 |  4.2
Fire Magic     | 1 2 |  2.7

Action                   |  1- 3 |  4- 6 |  7- 9 || total
-------------------------+-------+-------+-------++-------
Melee: Unarmed           |     6 |       |       ||     6
       Constrict         |    11 |    14 |    10 ||    35
       Tentacles         |     5 |     8 |     7 ||    20
       Dagger            |    43 |    28 |    28 ||    99
       Mace              |       |    12 |       ||    12
       Whip              |       |       |    20 ||    20
 Cast: Magic Dart        |    35 |    28 |    92 ||   155
       Searing Ray       |     2 |    14 |    46 ||    62
  Use: Scroll            |       |     4 |    13 ||    17
       Potion            |       |       |     1 ||     1
 Stab: Sleeping          |    12 |     3 |     6 ||    21
Armor: Skin              |     4 |    14 |     2 ||    20
Dodge: Dodged            |    34 |    37 |    58 ||   129

Table legend: (Time is in decaauts)
 A = Elapsed time spent in this place.
 B = Non-inter-level travel time spent in this place.
 C = Inter-level travel time spent in this place.
 D = Time resting spent in this place.
 E = Time spent auto-exploring this place.
 F = Levels seen in this place.
 G = Mean time per level.
                   A        B        C        D        E       F      G
               +--------+--------+--------+--------+--------+-----+--------+
         Total |  11529 |  10923 |    606 |   1017 |   8537 |   8 | 1441.1 |
       Dungeon |  11529 |  10923 |    606 |   1017 |   8537 |   8 | 1441.1 |
               +--------+--------+--------+--------+--------+-----+--------+

Top non-repeatable levels by time:
     D:7: 1947 daAuts
     D:5: 1745 daAuts
     D:6: 1694 daAuts
     D:2: 1669 daAuts
     D:1: 1421 daAuts
     D:4: 1379 daAuts
     D:3: 930 daAuts
     D:8: 740 daAuts
